 Dungeon Crawl Stone Soup version 0.23.2-40-g277498a001 (webtiles) character file.

Game seed: 9433961462993106789

1845 Marnok the Shield-Bearer (level 8, -4/66 HPs)
             Began as a Demigod Fighter on Oct 16, 2019.
             Slain by a killer bee (5 damage)
             ... on level 7 of the Dungeon.
             The game lasted 00:17:30 (4688 turns).

Marnok the Shield-Bearer (Demigod Fighter)          Turns: 4688, Time: 00:17:30

Health: -4/66      AC:  8    Str: 21 (23) XL:     8   Next: 57%
Magic:  10/10      EV:  9    Int: 10 (12) God:
Gold:   234        SH: 11    Dex: 15      Spells: 7/7 levels left

rFire    . . .     SeeInvis .   d - +2 falchion (holy)
rCold    . . .     Gourm    .   c - +1 shield
rNeg     . . .     Faith    .   b - +0 scale mail
rPois    .         Spirit   .   s - +0 helmet (curse)
rElec    .         Reflect  .   e - scarf {repulsion}
rCorr    .         Harm     .   (no gloves)
MR       .....                  (no boots)
Stlth    ..........             j - amulet of regeneration
HPRegen  0.61/turn              (no ring)
MPRegen  0.12/turn              (no ring)

@: lethally poisoned (-4 -> -6), hasted, lightly drained, repel missiles, very
quick
A: high mp 1
a: no special abilities


You were on level 7 of the Dungeon.
You were hungry.

You visited 2 branches of the dungeon, and saw 8 of its levels.

You collected 322 gold pieces.
You spent 88 gold pieces at shops.

Inventory:

Hand Weapons
 a - a +0 trident
 d - a +2 falchion of holy wrath (weapon)
 m - a +1 falchion of electrocution
Armour
 b - a +0 scale mail (worn)
 c - a +1 shield (worn)
 e - a scarf of repulsion (worn)
 n - a +1 robe of magic resistance
 s - a cursed +0 helmet (worn)
 t - a cursed +0 leather armour
Jewellery
 h - an uncursed ring of teleportation
 j - an amulet of regeneration (around neck)
 o - an uncursed ring of protection from fire {unknown}
 p - a +3 amulet of reflection {unknown}
 z - an uncursed amulet of harm {unknown}
Wands
 x - a wand of disintegration (14)
Scrolls
 i - 3 scrolls of identify
 l - 3 scrolls of remove curse
 r - 3 scrolls of teleportation
 y - a scroll of vulnerability {unknown}
Potions
 g - a potion of magic
 v - a potion of agility
Comestibles
 f - 8 rations


   Skills:
 + Level 4.2(3.6) Fighting
 + Level 3.4(2.9) Long Blades
 + Level 5.2(4.6) Polearms
 + Level 5.2(4.6) Armour
 + Level 3.4(2.9) Dodging
 + Level 1.1(0.6) Stealth
 + Level 5.8(5.2) Shields


You had 7 spell levels left.
You didn't know any spells.
Your spell library contained the following spells:

 Spells                   Type           Power        Failure   Level  Hunger
 Freeze                   Ice            #...         98%         1    ##.....
 Throw Frost              Conj/Ice       #.....       99%         2    ###....
 Ozocubu's Armour         Chrm/Ice       #.......     100%        3    ####...
 Summon Ice Beast         Ice/Summ       #.......     100%        4    #####..
 Throw Icicle             Conj/Ice       #.......     100%        4    #####..


Dungeon Overview and Level Annotations

Branches:
Dungeon (7/15)             Temple (1/1) D:5

Shops:
D:7 ?


Innate Abilities, Weirdness & Mutations

You have an increased reservoir of magic. (+10% MP)


Message History

The killer bee stings you but does no damage. x2
You hit the killer bee.
You kill the killer bee!
You feel your dexterity returning.
You feel sick. The killer bee closely misses you.
You riposte.
You hit the killer bee.
The killer bee is heavily wounded.
The killer bee stings you.
* * * LOW HITPOINT WARNING * * *
You feel yourself speed up.
* * * LOW HITPOINT WARNING * * *
You feel sick. The killer bee barely misses you.
You riposte.
You closely miss the killer bee.
The killer bee is heavily wounded.
You block the killer bee's attack.
You miss the killer bee.
The killer bee is heavily wounded.
* * * LOW HITPOINT WARNING * * *
You feel sick. You block the killer bee's attack. The killer bee stings you.
You die...

...[...........#####.....#...#
.##......................#..##
#####.#####+#####..........#
#..## #....##.....# ##..##
#....#####(... ##..## ##†.####
##.#. ##..###..# ####
##..#y.## ##.@.## #####


You could see a killer bee.

Vanquished Creatures
  Grinder (D:6)
  Menkaure (D:6)
  A sky beast (D:7)
  A necrophage (D:6)
  2 ogres
  A centaur (D:5)
  2 scorpions (D:4)
  2 killer bees (D:7)
  4 wights (D:7)
  2 crimson imps
  A hound (D:6)
  A jelly (D:5)
  A quasit (D:6)
  4 orc priests
  A bullfrog skeleton (D:5)
  Terence (D:2)
  An iguana (D:6)
  3 orc wizards
  6 worker ants
  A killer bee zombie (D:7)
  A hound zombie (D:7)
  Robin (D:3)
  An adder (D:2)
  A shadow imp (D:7)
  An ooze (D:2)
  3 worms
  4 dart slugs
  5 leopard geckos
  19 orcs
  6 giant cockroaches
  16 goblins
  10 hobgoblins
  12 jackals
  4 quokkas
  A ball python (D:3)
  7 bats
  3 frilled lizards
  A jackal skeleton (D:5)
  6 kobolds
  6 rats
145 creatures vanquished.

Notes
Turn   | Place    | Note
-------+----------+-------------------------------------------
     0 | D:1      | Marnok the Demigod Fighter began the quest for the Orb.
     0 | D:1      | Reached XP level 1. HP: 18/18 MP: 3/3
   263 | D:1      | Reached XP level 2. HP: 25/25 MP: 4/4
   863 | D:1      | Reached XP level 3. HP: 29/31 MP: 5/5
   964 | D:2      | Noticed Terence
   980 | D:2      | Killed Terence
  1115 | D:2      | Noticed a +0 dagger
  1116 | D:2      | Found a hide-covered altar of Uskayaw.
  1116 | D:2      | Noticed a +0 hand axe
  1138 | D:2      | Reached XP level 4. HP: 38/38 MP: 6/6
  1808 | D:3      | Reached XP level 5. HP: 22/45 MP: 7/7
  1815 | D:3      | Reached skill level 1 in Dodging
  2162 | D:3      | Noticed Robin
  2220 | D:3      | Killed Robin
  2466 | D:5      | Entered Level 5 of the Dungeon
  2488 | D:5      | Noticed a centaur
  2675 | D:4      | Reached XP level 6. HP: 51/51 MP: 8/8
  3027 | D:5      | Found a staircase to the Ecumenical Temple.
  3047 | D:5      | Found an opulent altar of Gozag.
  3054 | Temple   | Entered the Ecumenical Temple
  3133 | D:5      | Reached XP level 7. HP: 24/57 MP: 9/9
  3379 | D:6      | Reached skill level 5 in Polearms
  3940 | D:6      | Reached skill level 1 in Long Blades
  3998 | D:6      | Noticed Menkaure
  4007 | D:6      | Killed Menkaure
  4235 | D:6      | Noticed Grinder
  4249 | D:6      | Killed Grinder
  4249 | D:6      | Reached skill level 5 in Shields
  4249 | D:6      | Reached XP level 8. HP: 38/66 MP: 10/10
  4286 | D:7      | Found a sacrificial altar of Ru.
  4304 | D:7      | Found a shattered altar of Ashenzari.
  4356 | D:7      | Reached skill level 5 in Armour
  4460 | D:7      | Found Etzitom's Magic Scroll Shoppe.
  4478 | D:7      | Bought a scroll of teleportation for 33 gold pieces
  4478 | D:7      | Bought a scroll of identify for 22 gold pieces
  4478 | D:7      | Bought a scroll of teleportation for 33 gold pieces
  4530 | D:7      | Reached skill level 1 in Stealth
  4686 | D:7      | HP: 3/66 [killer bee (5)]
  4688 | D:7      | HP: 1/66 [poisoned by a killer bee]
  4688 | D:7      | Slain by a killer bee

Skill      XL: |  1  2  3  4  5  6  7  8 |
---------------+-------------------------+-----
Armour         | 3 4 5 |  5.2
Fighting       | 3 4 |  4.2
Polearms       | 2 3 4 5 |  5.2
Shields        | 3 4 5 |  5.8
Dodging        | 1 2 3 |  3.4
Long Blades    | 2 3 |  3.4
Stealth        | 1 |  1.1

Action                   |  1- 3 |  4- 6 |  7- 9 || total
-------------------------+-------+-------+-------++-------
Melee: Trident           |   135 |   320 |    79 ||   534
       Falchion          |       |       |   181 ||   181
  Use: Scroll            |       |    14 |     3 ||    17
       Potion            |       |     4 |    13 ||    17
 Stab: Invisible         |       |       |     1 ||     1
  Eat: Chunk             |     1 |     5 |     4 ||    10
       Ration            |       |     1 |       ||     1
Armor: Scale mail        |    74 |   138 |   124 ||   336
Dodge: Dodged            |    43 |    97 |   151 ||   291
       Deflected         |       |     6 |     1 ||     7
Block: Shield            |    76 |   202 |   224 ||   502
       Rpst.: Falchion   |       |       |    38 ||    38
